 Dungeon Crawl Stone Soup version 0.29-a0-356-g7bc237e783 (webtiles) character file.

Game seed: 682430711520791967

15410 sammy202020 the Fighter (level 12, -2/153 HPs)
             Began as a Demonspawn Berserker on Apr 25, 2022.
             Was a High Priest of Trog.
             Slain by a killer bee (5 damage)
             ... on level 12 of the Dungeon.
             The game lasted 00:20:36 (17157 turns).

sammy202020 the Fighter (Demonspawn Berserker)     Turns: 17157, Time: 00:20:37

Health: -2/153     AC: 18    Str: 21    XL:     12   Next: 1%
Magic:  12/12      EV:  9    Int: 10    God:    Trog [*****.]
Gold:   570        SH:  0    Dex: 13    Spells: 11/11 levels left

rFire   . . .      SeeInvis +   K - +3 hand axe (flame)
rCold   . . .      Faith    .   (no shield)
rNeg    . . .      Spirit   .   n - +2 plate armour
rPois   .          Reflect  .   N - +0 hat {SInv}
rElec   .          Harm     .   (no cloak)
rCorr   +          Rampage  .   x - +0 pair of gloves {hurl}
Will    ++...      Clarity  +   (no boots)
Stlth   ..........              (no amulet)
HPRegen 1.35/turn               o - ring of resist corrosion
MPRegen 0.26/turn               t - +4 ring of protection

@: berserking, lethally poisoned (-2 -> -3), strong-willed, corroded,
regenerating, very quick
A: demonic guardian 3, magic regeneration, sharp scales 2, hooves 1, clarity,
dopey 1, strong 1
a: Renounce Religion, Berserk, Trog's Hand, Brothers in Arms


You were on level 12 of the Dungeon.
You worshipped Trog.
Trog was extremely pleased with you.
You visited 1 branch of the dungeon, and saw 12 of its levels.

You collected 940 gold pieces.
You spent 370 gold pieces at shops.

Inventory:

Hand Weapons
 y - the +4 spear of Dull Innocence {vamp, Dex+2 SInv}
   (You found it on level 7 of the Dungeon)

   It occasionally heals its wielder for a portion of the damage dealt when it
   wounds a living foe.
   Dex:       It affects your dexterity (+2).
   SInv:      It lets you see invisible.
 z - a +2 shortbow of freezing
 K - a +3 hand axe of flaming (weapon)
Missiles
 b - 6 boomerangs
 c - a throwing net
 p - 3 javelins
 s - 2 curare-tipped darts
 u - 23 poisoned darts (quivered)
 F - 6 atropa-tipped darts
Armour
 n - a +2 plate armour (worn)
 x - a +0 pair of gloves of hurling (worn)
 A - a +2 hat
 N - a +0 hat of see invisible (worn)
Jewellery
 h - a +6 ring of strength
 o - a ring of resist corrosion (left hand)
 t - a +4 ring of protection (right hand)
 H - an amulet of faith
 J - a +6 ring of strength
Wands
 E - a wand of iceblast (14)
 I - a wand of polymorph (10)
Scrolls
 a - 2 scrolls of identify
 g - 5 scrolls of teleportation
 m - a scroll of blinking {unknown}
 v - 2 scrolls of immolation
 w - a scroll of magic mapping
 L - a scroll of holy word {unknown}
 O - a scroll of noise {unknown}
Potions
 d - 4 potions of curing
 e - 2 potions of cancellation
 f - a potion of might
 i - 6 potions of heal wounds
 j - a potion of haste
 k - a potion of resistance
 l - 5 potions of brilliance
 q - a potion of lignification
 r - a potion of flight
 B - a potion of ambrosia
 C - 3 potions of invisibility
 D - 3 potions of magic
 G - 2 potions of degeneration {unknown}
Miscellaneous
 M - a phial of floods


   Skills:
 * Level 11.9 Fighting
 * Level 10.9 Axes
 + Level 7.6 Armour
 + Level 7.6 Dodging


You had 11 spell levels left.
You didn't know any spells.
Your spell library was empty.

Dungeon Overview and Level Annotations

Branches:
Dungeon (12/15)            Temple (0/1) D:7            Lair (0/6) D:11
    Orc (0/2) D:10

Altars:
Cheibriados
Elyvilon
Fedhas
Hepliaklqana
Makhleb
Ru
Trog
Uskayaw
Vehumet
Zin
Beogh

Shops:
D:3 ?**[   D:4 [:   D:8 =


Innate Abilities, Weirdness & Mutations

A powerful demonic guardian rushes to your aid.
You regenerate magic rapidly.
You are mostly covered in razor-sharp scales. (AC +2, Slay +2)
You have large cloven feet.
You possess an exceptional clarity of mind.
You are dopey. (Int -2)
Your muscles are strong. (Str +2)


Message History

The meliai hits you but does no damage.
The meliai stings you but does no damage.
The acid dragon spits acid at you. The splash of acid hits you! You resist.
A killer bee comes into view.
The killer bee stings you but does no damage.
The killer bee barely misses you.
The meliai hits you with a +0 hand axe of electrocution!
The meliai barely misses you.
The killer bee stings you but does no damage.
A killer bee comes into view.
A meliai comes into view. It is wielding a +0 war axe.
The killer bee buzzes angrily.
You hear an angry buzzing noise.
Your skin crawls.
You feel strong-willed.
The meliai buzzes angrily.
The killer bee stings you but does no damage.
The killer bee stings you.
You are poisoned.
The killer bee poisons you! The meliai hits you but does no damage.
You are electrocuted!
The meliai closely misses you.
A killer bee comes into view.
The acid dragon bites you but does no damage.
The acid dragon closely misses you. The killer bee stings you.
* * * LOW HITPOINT WARNING * * *
The killer bee stings you but does no damage. x2
The meliai hits you but does no damage.
You are electrocuted!!
* * * LOW HITPOINT WARNING * * *
A demonic guardian appears!
The meliai stings you but does no damage.
The killer bee moves out of view.
A red film seems to cover your vision as you go berserk!
You feel yourself moving faster!
You feel mighty!
You feel sick. The killer bee barely misses you. The killer bee stings you.
* * * LOW HITPOINT WARNING * * *
The meliai invokes the aid of its god against you.
Something smites you!
* * * LOW HITPOINT WARNING * * *
The killer bee stings you.
You die...

.....# ###.## #.<##
##..# ######+##
#####'## #.......#
.......# #.......#
.......# #.......+
.......# #####..D....#
.......###...'.y@y3..#
.......'...###.yyy...#
.......##### #..y....#
.>.....# #.y.....#
######## ##.######


yy# !y. .... You could see an acid dragon (catching breath), 2 meliai, 8 killer
bees and a friendly sun demon (summoned).

Vanquished Creatures
  Gastronok (D:12)
  2 two-headed ogres
  A cyclops (D:8)
  A gargoyle (D:11)
  3 unseen horrors
  A kobold demonologist (D:11)
  3 komodo dragons (D:11)
  A hornet (D:9)
  A shadow (D:10)
  9 yaks
  A vampire (D:11)
  2 basilisks (D:11)
  4 wyverns
  A steam dragon (D:8)
  3 acid dragons
  A water moccasin (D:7)
  2 sky beasts (D:7)
  8 orc warriors
  A swamp drake (D:11)
  3 ice beasts
  A black bear (D:7)
  An ogre (D:8)
  3 centaurs
  A phantom (D:6)
  3 kobold brigands
  A necrophage (D:7)
  5 bullfrogs
  2 gnoll sergeants
  A scorpion (D:5)
  3 wights (D:8)
  9 killer bees
  2 howler monkeys
  4 orc priests
  A gnoll shaman (D:5)
  4 hounds
  3 jellies
  An iguana (D:5)
  14 orc wizards
  20 gnolls
  12 adders
  2 river rats (D:4)
  A shadow imp (D:6)
  A white imp (D:8)
  An ufetubus (D:5)
  2 worms (D:2)
  A dart slug (D:2)
  29 orcs
  10 ball pythons
  6 endoplasms
  5 giant cockroaches
  3 goblins (D:3)
  8 hobgoblins
  3 jackals (D:3)
  7 quokkas
  21 kobolds
  5 rats
245 creatures vanquished.

Vanquished Creatures (collateral kills)
  A boulder beetle (D:11)
  A two-headed ogre (D:8)
  An ugly thing (D:11)
  5 yaks (D:10)
  A water moccasin (D:6)
  3 centaurs (D:11)
  An ogre (D:5)
  A bullfrog (D:9)
  A gnoll sergeant (D:10)
  4 killer bees
  2 howler monkeys (D:9)
  2 orc priests
  An iguana (D:4)
  A gnoll (D:7)
  An adder (D:6)
26 creatures vanquished.

Vanquished Creatures (others)
  5 plants (D:1)
  7 withered plants (D:1)
12 creatures vanquished.

Grand Total: 283 creatures vanquished

Notes
Turn   | Place    | Note
-------+----------+-------------------------------------------
     0 | D:1      | sammy202020 the Demonspawn Berserker began the quest for
                  | the Orb.
     0 | D:1      | Reached XP level 1. HP: 18/18 MP: 1/1
   256 | D:1      | Gained mutation: You are partially covered in razor-sharp
                  | scales. (AC +1, Slay +1) [demonic ancestry]
   256 | D:1      | Reached XP level 2. HP: 7/24 MP: 2/2
   702 | D:1      | Found a faded altar of an unknown god.
  1435 | D:2      | Reached XP level 3. HP: 29/29 MP: 3/3
  1759 | D:2      | You fall into a shaft and drop 1 floor!
  1779 | D:3      | Found Gaugy's Assorted Antiques.
  1808 | D:3      | Bought a green potion for 27 gold pieces
  1808 | D:3      | Bought a fuming black potion for 27 gold pieces
  1808 | D:3      | Bought a green potion for 27 gold pieces
  2111 | D:3      | Found a sacrificial altar of Ru.
  2121 | D:3      | Gained mutation: A weak demonic guardian rushes to your
                  | aid. [demonic ancestry]
  2121 | D:3      | Reached XP level 4. HP: 37/37 MP: 4/4
  2145 | D:3      | Reached ** piety under Trog
  2193 | D:3      | Reached skill level 4 in Fighting
  2196 | D:3      | Reached XP level 5. HP: 7/42 MP: 5/5
  2197 | D:3      | Found Filih's General Store.
  2618 | D:3      | Found Esucalots's Antique Armour Shoppe.
  2922 | D:3      | Found Wier's Magic Scroll Shop.
  2928 | D:3      | Bought a scroll of identify for 28 gold pieces
  3012 | D:4      | Found Lyafevon's Antique Armour Shoppe.
  3486 | D:4      | Found Dikaes's Self-Improvement Boutique.
  3491 | D:4      | Gained mutation: A demonic guardian rushes to your aid.
                  | [demonic ancestry]
  3491 | D:4      | Reached XP level 6. HP: 48/49 MP: 6/6
  3795 | D:3      | Bought a potion of mutation for 96 gold pieces
  5215 | D:5      | Entered Level 5 of the Dungeon
  5265 | D:5      | Reached skill level 5 in Fighting
  5946 | D:5      | Gained mutation: A powerful demonic guardian rushes to your
                  | aid. [demonic ancestry]
  5946 | D:5      | Reached XP level 7. HP: 53/56 MP: 7/7
  6460 | D:5      | Reached skill level 5 in Axes
  6519 | D:4      | Bought a pair of glowing gloves for 165 gold pieces
  6681 | D:5      | Found a blossoming altar of Fedhas.
  6681 | D:5      | Found a hide-covered altar of Uskayaw.
  6714 | D:5      | Reached *** piety under Trog
  7248 | D:6      | Reached skill level 6 in Fighting
  7351 | D:6      | Reached XP level 8. HP: 52/64 MP: 8/8
  8226 | D:6      | Gained mutation: You are dopey. (Int -2) [potion of
                  | mutation]
  8226 | D:6      | Gained mutation: You possess an exceptional clarity of
                  | mind. [potion of mutation]
  8226 | D:6      | Gained mutation: Your muscles are strong. (Str +2) [potion
                  | of mutation]
  8226 | D:6      | Gained mutation: You have large cloven feet. [potion of
                  | mutation]
  8351 | D:7      | Identified the +5 spear of Dried Tears {drain, SInv}
  8751 | D:7      | Reached skill level 7 in Fighting
  9206 | D:7      | Identified the +4 spear of Dull Innocence {vamp, Dex+2
                  | SInv}
  9216 | D:7      | Gained mutation: You regenerate magic rapidly. [demonic
                  | ancestry]
  9216 | D:7      | Reached XP level 9. HP: 57/72 MP: 9/9
  9600 | D:7      | Found a staircase to the Ecumenical Temple.
  9894 | D:8      | Noticed a two-headed ogre
  9904 | D:8      | Killed a two-headed ogre
  9905 | D:8      | Reached skill level 8 in Fighting
  9905 | D:8      | Reached skill level 5 in Armour
  9905 | D:8      | Reached skill level 5 in Dodging
 10139 | D:8      | Found a burning altar of Makhleb.
 10556 | D:8      | Found Plog's Jewellery Shop.
 10606 | D:8      | Found a transporter.
 10607 | D:8      | Found a transporter.
 10607 | D:8      | Noticed a cyclops
 10639 | D:8      | Killed a cyclops
 10640 | D:8      | Reached skill level 9 in Fighting
 10640 | D:8      | Reached XP level 10. HP: 73/83 MP: 10/10
 10821 | D:8      | Reached **** piety under Trog
 11796 | D:9      | Paralysed by a hornet for 3 turns
 12453 | D:9      | Noticed a two-headed ogre
 12463 | D:9      | Killed a two-headed ogre
 12683 | D:9      | Found a radiant altar of Vehumet.
 12698 | D:9      | Reached skill level 10 in Fighting
 13059 | D:9      | Found a hazy altar of Hepliaklqana.
 13252 | D:10     | Entered Level 10 of the Dungeon
 13436 | D:10     | Found a bloodstained altar of Trog.
 13496 | D:10     | Found a snail-covered altar of Cheibriados.
 13863 | D:10     | Reached XP level 11. HP: 75/92 MP: 11/11
 14308 | D:10     | Reached ***** piety under Trog
 14615 | D:10     | Found a staircase to the Orcish Mines.
 14811 | D:11     | Noticed a boulder beetle
 14824 | D:11     | HP: 6/138 [boulder beetle (21)]
 14827 | D:11     | Killed a boulder beetle
 14828 | D:11     | Reached skill level 11 in Fighting
 14828 | D:11     | Reached skill level 10 in Axes
 15212 | D:11     | Noticed a purple ugly thing
 15221 | D:11     | Killed a purple ugly thing
 16281 | D:11     | Found a staircase to the Lair.
 16413 | D:11     | Noticed a two-headed ogre
 16423 | D:11     | Killed a two-headed ogre
 16734 | D:12     | Noticed Gastronok
 16753 | D:12     | Killed Gastronok
 17091 | D:12     | Gained mutation: You are mostly covered in razor-sharp
                  | scales. (AC +2, Slay +2) [demonic ancestry]
 17091 | D:12     | Reached XP level 12. HP: 89/102 MP: 12/12
 17157 | D:12     | HP: 3/153 [meliai/divine providence (12)]
 17157 | D:12     | Slain by a killer bee

Illustrated notes

Levels and vault maps discovered:
D:1:      dpeg_arrival_leaves_temple_mockup, layout_loops_ring,
          shapermc_ecumenical_altar_flowoftime, minmay_distorted
D:2:      layout_loops_corners, serial_shops, shop_statue, minmay_pentomino_z2
D:3:      layout_basic, nicolae_ru_great_annihilating_truth, serial_shops, shop,
          shop, nicolae_shop_competitors_out_of_business, shop
D:4:      layout_basic, elyvilon_altar_1, portal_sewer_entry_e, serial_shops,
          nicolae_shop_hallway_stairs, nicolae_shop_self_help
D:5:      layout_layer_cave, gammafunk_temple_overflow_pools,
          dreamdust_wishing_well
D:6:      layout_loops_ring
D:7:      layout_basic, minmay_temple_entry_fiery, enter_bailey_2
D:8:      gammafunk_beogh_shrine, layout_basic, mainiacjoe_overflow_chevrons,
          serial_shops, nicolae_shop_advertising_works
          [nicolae_subvault_shop_adworks], minivault_27
D:9:      layout_roguey, mainiacjoe_overflow_alcove_4,
          overflow_temple_1_default, nicolae_hepliaklqana_hippocampus
D:10:     cheibrodos_elevator_heist, layout_irregular_city, cheibriados_altar_1,
          lemuel_crystal_altar, david_orc_4, serial_column_ruins,
          column_ruins_hut, column_ruins_grid_1, column_ruins_columns_straight,
          column_ruins_columns_straight, column_ruins_open_tiny,
          column_ruins_corridor_straight, column_ruins_columns_dead_end,
          column_ruins_open_small, chequers_serial_rivers_marsh
D:11:     layout_irregular_city, erik_lair_dragon
D:12:     layout_roguey [special_room_bee], portal_ice_cave_demonic_guard,
          uniq_gastronok

Skill      XL: |  1  2  3  4  5  6  7  8  9 10 11 |
---------------+----------------------------------+-----
Dodging        | 2 3 4 5 6 7 |  7.6
Armour         | 2 3 4 5 6 7 |  7.6
Axes           | 3 4 5 6 8 9 10 | 10.9
Fighting       | 4 5 6 7 9 10 11 | 11.9

Action                   |  1- 3 |  4- 6 |  7- 9 | 10-12 || total
-------------------------+-------+-------+-------+-------++-------
Melee: Hand axe          |    96 |    97 |       |   354 ||   547
       War axe           |       |    45 |   232 |     5 ||   282
       Punch             |       |     2 |     3 |     4 ||     9
       Kick              |       |       |    43 |   127 ||   170
       Spear             |       |       |     3 |    22 ||    25
Invok: Berserk           |       |     1 |     4 |     3 ||     8
       Trog's Hand       |       |     1 |     2 |     3 ||     6
  Use: Scroll            |     3 |     5 |    11 |     6 ||    25
       Potion            |       |       |     2 |       ||     2
 Stab: Paralysed         |       |     1 |       |       ||     1
       Distracted        |       |       |       |     1 ||     1
Armor: Leather armour    |    26 |    40 |       |       ||    66
       Animal skin       |     3 |       |       |       ||     3
       Plate armour      |       |    28 |   189 |   329 ||   546
Dodge: Dodged            |    55 |   104 |   152 |   211 ||   522

Table legend: (Time is in decaauts)
 A = Elapsed time spent in this place.
 B = Non-inter-level travel time spent in this place.
 C = Inter-level travel time spent in this place.
 D = Time resting spent in this place.
 E = Time spent auto-exploring this place.
 F = Levels seen in this place.
 G = Mean time per level.
                   A        B        C        D        E       F      G
               +--------+--------+--------+--------+--------+-----+--------+
         Total |  17249 |  16340 |    909 |     10 |  14436 |  12 | 1437.4 |
       Dungeon |  17249 |  16340 |    909 |     10 |  14436 |  12 | 1437.4 |
               +--------+--------+--------+--------+--------+-----+--------+

Top non-repeatable levels by time:
     D:4: 2289 daAuts
    D:11: 1916 daAuts
     D:9: 1906 daAuts
     D:5: 1853 daAuts
     D:7: 1617 daAuts
    D:10: 1544 daAuts
     D:8: 1458 daAuts
     D:3: 1293 daAuts
     D:6: 1186 daAuts
     D:1: 1166 daAuts
     D:2: 602 daAuts
    D:12: 415 daAuts
